 Seeded DCSS version 0.29.1-15-g9cfb28693d (webtiles) character file.

Game seed: 6320845443627075161 (custom seed)

21 Psyclone the Magician (level 2, 15/15 HPs)
             Began as a Deep Elf Fire Elementalist on Sept 23, 2023.
             Quit the game on level 2 of the Dungeon.
             The game lasted 00:03:29 (1534 turns).

Psyclone the Magician (Deep Elf Fire Elementalist)  Turns: 1534, Time: 00:03:30

Health: 15/15      AC:  3    Str:  5    XL:     2   Next: 65%
Magic:  17/17      EV: 12    Int: 19    God:
Gold:   79         SH:  0    Dex: 15    Spells: 7/8 levels left

rFire   . . .      SeeInvis .   c - +0 dagger
rCold   . . .      Faith    .   (no shield)
rNeg    . . .      Spirit   .   a - +0 robe
rPois   .          Reflect  .   l - +1 hat {Stlth+}
rElec   .          Harm     .   (no cloak)
rCorr   .          Rampage  .   (no gloves)
Will    .....                   (no boots)
Stlth   +++.......              (no amulet)
HPRegen 0.05/turn               n - ring of magical power
MPRegen 0.15/turn               (no ring)

@: no status effects
A: no striking features
a: no special abilities


You were on level 2 of the Dungeon.
You visited 1 branch of the dungeon, and saw 2 of its levels.

You collected 79 gold pieces.

Inventory:

Hand Weapons
 c - a +0 dagger (weapon)
Armour
 a - a +0 robe (worn)
 l - a +1 hat of stealth (worn)
Magical Staves
 g - a staff of air
Jewellery
 n - a ring of magical power (left hand)
Wands
 p - a wand of flame (13)
Scrolls
 d - 2 scrolls of teleportation {unknown}
 h - 2 scrolls of magic mapping {unknown}
 k - 2 scrolls of vulnerability {unknown}
 o - a scroll of identify {unknown}
 q - a scroll of acquirement
Potions
 b - a potion of magic
 e - 2 potions of curing {unknown}
 f - a potion of haste {unknown}
 i - a potion of resistance {unknown}
 j - a potion of brilliance {unknown}
 m - a potion of flight {unknown}


   Skills:
 - Level 2.4 Dodging
 - Level 2.4 Stealth
 + Level 3.9 Spellcasting
 - Level 1.1 Conjurations
 + Level 3.9 Fire Magic


You had 7 spell levels left.
You knew the following spells:

 Your Spells              Type           Power      Damage    Failure   Level
a - Foxfire               Conj/Fire      52%        2x1d6     4%          1

Your spell library contained the following spells:

 Spells                   Type           Power      Damage    Failure   Level
 Scorch                   Fire           36%        2d6       4%          2
 Freeze                   Ice            12%        1d4       14%         1
 Conjure Flame            Conj/Fire      13%        6-21      16%         3
 Inner Flame              Hex/Fire       11%        N/A       19%         3
 Frozen Ramparts          Ice            6%         1d1       38%         3
 Flame Wave               Conj/Fire      13%        2d6       45%         4
 Hailstorm                Conj/Ice       5%         3d4       73%         4


Dungeon Overview and Level Annotations

Branches:
Dungeon (2/15) Zot: 10462

Altars:

Shops:
D:2 :


Message History

The foxfire hits the adder.
The adder is lightly wounded.
You now have 15/17 mp.
Casting: Foxfire (safe; 5% risk of failure)
Confirm with . or Enter, or press ? or * to list all spells.
You conjure some foxfire!
The foxfire hits the adder.
The adder is heavily wounded.
The foxfire hits the adder.
The adder is severely wounded.
You now have 14/17 mp.
Casting: Foxfire (safe; 5% risk of failure)
Confirm with . or Enter, or press ? or * to list all spells.
You conjure some foxfire!
The foxfire hits the adder.
The adder is severely wounded.
The foxfire hits the adder.
The adder is almost dead.
The foxfire hits the adder.
You kill the adder!
You now have 13/17 mp.
Your foxfire dissipates!
q - a scroll labelled LIULAPT WYUZ MUCK MP restored: 17
Found 5 stones.
Found a leather armour.
You see here 5 stones.
You see here a +0 leather armour.
You see here a +0 leather armour.
k - 2 scrolls labelled ESEONUCILU (gained 1)
You now have 71 gold pieces (gained 4).
There is an escape hatch in the ceiling here.
There is an escape hatch in the floor here.
You now have 79 gold pieces (gained 8).
Done exploring.
There is a stone staircase leading up here.
You climb upwards.
There is a stone staircase leading down here.
You climb downwards.
There is a stone staircase leading up here.
This is a scroll of acquirement!
Are you sure you want to abandon this character and quit the game? (Confirm with "yes".)

...# #.....# #.# #.# #..
.#.###.###.#####.# #.# ###
.#.##.........##.# #.# #
.#.##......##.##.# #.# #
.#.##...(..##.##.# #.############
.#.##.....###.##.# #.............
.#.##.....###.##.# ####..........
.#.###..####...#.######.#########
...[............@.......# #
##.###...###...#.######## #
#.###...........# #
#.......####.#### #
#####........# # #........# #
#######.## # #.# ###############
# #.# #.............#


There were no monsters in sight!

Vanquished Creatures
  An adder (D:2)
  2 dart slugs (D:2)
  A ball python (D:1)
  2 goblins
  2 bats
  2 rats
10 creatures vanquished.

Vanquished Creatures (others)
  55 foxfires
55 creatures vanquished.

Grand Total: 65 creatures vanquished

Notes
Turn   | Place    | Note
-------+----------+-------------------------------------------
     0 | D:1      | Psyclone the Deep Elf Fire Elementalist began the quest for
                  | the Orb.
     0 | D:1      | Reached XP level 1. HP: 10/10 MP: 6/6
   736 | D:2      | Found Weil's Book Boutique.
   760 | D:2      | Found a faded altar of an unknown god.
   797 | D:2      | Reached XP level 2. HP: 15/15 MP: 3/8
  1534 | D:2      | Identified a scroll of acquirement
  1534 | D:2      | Quit the game

Illustrated notes

Levels and vault maps discovered:
D:1:      dpeg_arrival_lava_temple_mockup, layout_basic
D:2:      layout_loops_ring, shapermc_ecumenical_altar_starsandcircs,
          serial_shops, nicolae_shop_window_shopping

Action                   || total
-------------------------++-------
 Cast: Foxfire           ||    31
